 Dungeon Crawl Stone Soup version 0.29.1 (webtiles) character file.

Game seed: 1643059696817881887

203 qw the Shield-Bearer (level 5, -8/32 HPs)
             Began as a Gargoyle Fighter on Sept 13, 2022.
             Killed by divine providence
             ... invoked by an orc priest
              (17 damage)
             ... on level 3 of the Dungeon.
             The game lasted 00:00:58 (3064 turns).

qw the Shield-Bearer (Gargoyle Fighter)             Turns: 3064, Time: 00:00:59

Health: -8/32      AC: 17    Str: 28    XL:     5   Next: 81%
Magic:  5/5        EV:  7    Int:  8    God:
Gold:   187        SH:  8    Dex:  9    Spells: 4/4 levels left

rFire   . . .      SeeInvis .   Y - +0 war axe
rCold   . . .      Faith    .   g - +0 kite shield
rNeg    + . .      Spirit   .   r - +0 chain mail
rPois   inf        Reflect  .   l - +2 hat
rElec   +          Harm     .   (no cloak)
rCorr   .          Rampage  .   k - +0 pair of gloves
Will    .....                   f - +0 pair of boots
Stlth   ..........              (no amulet)
HPRegen 0.10/turn               h - +6 ring of strength
MPRegen 0.09/turn               (no ring)

@: no status effects
A: sickness immunity, AC +4, negative energy resistance 1, electricity
resistance, torment resistance 1, petrification resistance
a: no special abilities


You were on level 3 of the Dungeon.
You visited 1 branch of the dungeon, and saw 3 of its levels.

You collected 187 gold pieces.


Innate Abilities, Weirdness & Mutations

You are immune to sickness and miasma.
Your stone body is resilient. (AC +4)
You are immune to poison.
You resist negative energy. (rN+)
You are resistant to electric shocks. (rElec)
You are resistant to unholy torment.
You are immune to petrification.


   Skills:
 - Level 3.2 Fighting
 + Level 4.2 Axes
 - Level 3.2 Armour
 - Level 5.0 Shields


You had 4 spell levels left.
You didn't know any spells.
Your spell library was empty.

Inventory:

Hand Weapons
 b - a +2 morningstar of flaming
 Y - a +0 war axe (weapon)
Armour
 f - a +0 pair of boots (worn)
 g - a +0 kite shield (worn)
 k - a +0 pair of gloves (worn)
 l - a +2 hat (worn)
 r - a +0 chain mail (worn)
Jewellery
 h - a +6 ring of strength (left hand)
 o - a ring of ice
Scrolls
 a - a scroll of fear {unknown}
 i - 2 scrolls of teleportation
Potions
 c - a potion of lignification {unknown}
 d - 2 potions of might
 e - 2 potions of heal wounds {unknown}
 p - a potion of resistance {unknown}
 q - a potion of flight {unknown}
 s - 2 potions of mutation {unknown}

Dungeon Overview and Level Annotations

Branches:
Dungeon (3/15)

Altars:
Xom


Message History

s - 2 yellow potions (gained 1)
An orc comes into view. It is wielding a +0 short sword.
The orc shouts!
You hear a shout! x2
An orc comes into view. It is wielding a +0 club.
You barely miss the orc. The orc hits you but does no damage.
The orc barely misses you.
You slash the orc!
You kill the orc!
An orc comes into view. It is wielding a +0 whip.
An orc priest comes into view. It is wielding a +0 trident.
You closely miss the orc.
The orc priest shouts!
You hear a shout!
You block the orc's attack.
An orc priest comes into view. It is wielding a +0 trident.
You hear an angry hiss.
You hit the orc but do no damage. The orc hits you but does no damage.
The orc priest invokes the aid of Beogh against you.
Beogh smites you! The orc hits you but does no damage.
You barely miss the orc. You block the orc's attack.
An adder comes into view.
You barely miss the orc.
The adder hisses angrily.
You block the orc's attack. The orc hits you but does no damage.
The orc closely misses you.
You closely miss the orc. You barely miss the orc. You block the orc's attack.
The orc priest mumbles some strange prayers to Beogh against you.
Beogh smites you!
You barely miss the orc. You closely miss the orc.
You block the orc priest's attack. The orc barely misses you.
You block the orc's attack.
The orc priest begins to cast a cantrip, but forgets the words!
The orc priest hits you but does no damage.
The orc hits you but does no damage.
The orc priest invokes the aid of Beogh against you.
Beogh smites you!
Ouch! That really hurt!
You die...

##......#.#........
#..##.#...##.......
##.###.#..## ###.##
...# #.....# .##
.#######.#.#### .#
....# #.#....###.#
###..# #.####...#.#
####.###.# ###.#.##
..##.....# #.@o.#
#.##..... ###oo..#
#.##.# # S#o..#
#..#.# .. ....
##.#.# #.# ...
#...##.## .# #.
###%.....# ##
....###(..# .####
#...


You could see 2 orc priests, an adder and 2 orcs.

Vanquished Creatures
  A scorpion (D:3)
  A hound (D:3)
  5 adders
  5 worms
  A dart slug (D:1)
  3 orcs
  3 bats
  3 endoplasms (D:1)
  A giant cockroach (D:3)
  2 goblins
  4 hobgoblins
  3 jackals (D:1)
  4 quokkas
  5 ball pythons
  A frilled lizard (D:2)
  3 kobolds
  7 rats
52 creatures vanquished.

Notes
Turn   | Place    | Note
-------+----------+-------------------------------------------
     0 | D:1      | qw the Gargoyle Fighter began the quest for the Orb.
     0 | D:1      | Reached XP level 1. HP: 14/14 MP: 1/1
     0 | D:1      | 0 ||| qw: Version: 0.1-a-119-g272c26d
     0 | D:1      | 0 ||| qw: Game counter: 11244
     0 | D:1      | 0 ||| qw: Always use a shield: true
     0 | D:1      | 0 ||| qw: God list: Okawaru
     0 | D:1      | 0 ||| qw: Allow faded altars: false
     0 | D:1      | 0 ||| qw: Do Orc after D:15 true
     0 | D:1      | 0 ||| qw: Do second Lair branch before Depths: true
     0 | D:1      | 0 ||| qw: Lair rune preference: random
     0 | D:1      | 0 ||| qw: Plans: Normal, Zot, God:TSO, Crypt, Tomb, Pan,
                  | Slime, Hells, Zig, Abyss, Orb
     0 | D:1      | 0 ||| PLANNING D:1-11
    80 | D:1      | Reached XP level 2. HP: 11/19 MP: 2/2
   412 | D:1      | 412 ||| Stepping ~*~*~tactically~*~*~ (stealth).
   414 | D:1      | 414 ||| Stepping ~*~*~tactically~*~*~ (stealth).
   917 | D:1      | 917 ||| UPGRADING to +0 kite shield.
   927 | D:1      | 927 ||| DROPPING +0 buckler.
   928 | D:1      | 928 ||| UPGRADING to +0 pair of gloves.
   933 | D:1      | 933 ||| UPGRADING to +2 hat.
   938 | D:1      | 938 ||| READING scroll labelled NAONAQ UTEM.
   939 | D:1      | 939 ||| READING 3 scrolls labelled EKAYPE KEUSKU.
   944 | D:1      | 944 ||| READING scroll labelled WOPEKO CIMET.
   962 | D:2      | Found a faded altar of an unknown god.
   975 | D:2      | Reached skill level 3 in Axes
  1029 | D:2      | Reached XP level 3. HP: 10/23 MP: 3/3
  1255 | D:2      | 1255 ||| Stepping ~*~*~tactically~*~*~ (stealth).
  1256 | D:2      | 1256 ||| Stepping ~*~*~tactically~*~*~ (stealth).
  1315 | D:2      | Reached skill level 4 in Shields
  1460 | D:2      | Found a shimmering altar of Xom.
  1571 | D:2      | 1571 ||| DROPPING +0 whip.
  1703 | D:2      | Reached XP level 4. HP: 25/28 MP: 4/4
  2158 | D:2      | 2158 ||| UPGRADING to +0 pair of boots.
  2163 | D:2      | 2163 ||| UPGRADING to +0 chain mail.
  2173 | D:2      | 2173 ||| DROPPING +0 scale mail.
  2174 | D:2      | 2174 ||| UPGRADING to +6 ring of strength.
  2175 | D:2      | 2175 ||| READING scroll labelled LURAPH NODGHUE.
  2176 | D:2      | 2176 ||| READING scroll labelled HUC REFFIRCHEEC.
  2177 | D:2      | 2177 ||| DRINKING 4 metallic white potions.
  2282 | D:2      | 2282 ||| DROPPING 3 potions of berserk rage.
  2291 | D:3      | 2291 ||| PLANNING SEWER
  2356 | D:3      | 2356 ||| FLEEEEING.
  2357 | D:3      | 2357 ||| FLEEEEING.
  2358 | D:3      | 2358 ||| FLEEEEING.
  2359 | D:3      | 2359 ||| FLEEEEING.
  2363 | D:3      | 2363 ||| FLEEEEING.
  2373 | D:3      | 2373 ||| STAIRDANCE
  2511 | D:2      | 2511 ||| READING scroll labelled DUUXKI ZEJEVO.
  2530 | D:3      | Reached XP level 5. HP: 23/32 MP: 5/5
  2622 | D:3      | 2622 ||| Stepping ~*~*~tactically~*~*~ (stealth).
  2679 | D:3      | Reached skill level 5 in Shields
  2819 | D:3      | 2819 ||| Stepping ~*~*~tactically~*~*~ (stealth).
  2822 | D:3      | 2822 ||| Stepping ~*~*~tactically~*~*~ (stealth).
  2823 | D:3      | 2823 ||| Stepping ~*~*~tactically~*~*~ (stealth).
  2866 | D:3      | 2866 ||| DROPPING +0 flail.
  2908 | D:3      | 2908 ||| RIP SEWER
  2909 | D:3      | 2909 ||| PLANNING D:1-11
  3064 | D:3      | Killed from afar by an orc priest

Levels and vault maps discovered:
D:1:      pf_arrival_petrified_forest, layout_loops_ring
D:2:      layout_loops_corners, basic_altar, chequers_ecumenical_altar_island
D:3:      layout_rooms, cheibrodos_sewer_entry_bend

Skill      XL: |  1  2  3  4  5 |
---------------+----------------+-----
Axes           | 2 3 4 |  4.2
Shields        | 4 5 |  5.0
Fighting       | |  3.2
Armour         | |  3.2

Action                   |  1- 3 |  4- 6 || total
-------------------------+-------+-------++-------
Melee: War axe           |    94 |    57 ||   151
  Use: Scroll            |     3 |     3 ||     6
       Potion            |       |     1 ||     1
Armor: Scale mail        |    47 |     7 ||    54
       Chain mail        |       |    12 ||    12
Dodge: Dodged            |    42 |    10 ||    52
Block: Buckler           |     7 |       ||     7
       Kite shield       |    10 |    30 ||    40

Table legend:
 A = Non-vault XP
 B = Vault XP
 C = Vault XP percentage of total XP
 D = Non-vault monster count
 E = Vault monster count
 F = Vault count percentage of total count
                 A         B        C        D         E       F
            +---------+---------+-------+---------+---------+-------
      Total |     290 |       0 |   0.0 |      52 |       0 |   0.0
            +---------+---------+-------+---------+---------+-------
        D:1 |      29 |       0 |   0.0 |      16 |       0 |   0.0
        D:2 |      79 |       0 |   0.0 |      23 |       0 |   0.0
        D:3 |     182 |       0 |   0.0 |      13 |       0 |   0.0
            +---------+---------+-------+---------+---------+-------
